 Dungeon Crawl Stone Soup version 0.28.0-53-g5a82cb258f (webtiles) character file.

Game seed: 7672851293084632021

155206 nickcage the Eclecticist (level 16, -26/114 HPs)
             Began as a White Draconian Conjurer on May 19, 2022.
             Was a High Priest of Vehumet.
             Killed from afar by a green death (30 damage)
             ... with a bolt of poison
             ... on level 4 of the Swamp on May 20, 2022.
             The game lasted 03:07:17 (34789 turns).

nickcage the Eclecticist (DrCj)                    Turns: 34789, Time: 03:07:17

Health: -26/114    AC: 17    Str:  9    XL:     16   Next: 79%
Magic:  28/36      EV: 11    Int: 37    God:    Vehumet [*****.]
Gold:   616        SH:  5    Dex: 11    Spells: 3/48 levels left

rFire   x . .      SeeInvis .   Q - +3 hand axe "Hacsun" {speed, rF- Int+5}
rCold   + . .      Faith    .   z - +0 buckler
rNeg    . . .      Spirit   .   (armour unavailable)
rPois   .          Reflect  .   E - +1 hat
rElec   .          Harm     .   O - +1 cloak
rCorr   .          Rampage  .   v - +1 pair of gloves
Will    +....      Archmagi +   m - +2 pair of boots
Stlth   ++........ Rage     1%  r - amulet of magic regeneration
HPRegen 0.29/turn               b - +6 ring of intelligence
MPRegen 0.65/turn               A - ring of the Mage {Wiz Archmagi}

@: lethally poisoned (-26 -> -52)
A: breathe frost, AC +9, unfitting armour, cold resistance 1, cold-blooded,
berserk 1
}: 1/15 runes: decaying
a: Breathe Frost, Renounce Religion


You were on level 4 of the Swamp.
You worshipped Vehumet.
Vehumet was extremely pleased with you.
You visited 5 branches of the dungeon, and saw 28 of its levels.
You also visited: Ice Cave.

You collected 2627 gold pieces.
You spent 2011 gold pieces at shops.

Inventory:

Hand Weapons
 y - a +2 rapier
 Q - the +3 hand axe "Hacsun" (weapon) {speed, rF- Int+5}
   (You found it on level 5 of the Lair of Beasts)

   Attacks with this weapon are significantly faster.
   Int:       It affects your intelligence (+5).
   rF:        It makes you vulnerable to fire.
 X - the +7 scimitar of Risk Management {elec, *Noise rN+ Will+ Stlth+}
   (You found it on level 6 of the Lair of Beasts)

   It occasionally discharges a powerful burst of electricity upon striking a
   foe.
   rN:        It protects you from negative energy.
   *Noise:    It may make noises in combat.
   Will:      It increases your willpower.
   Stlth:     It makes you more stealthy.
Missiles
 i - 6 throwing nets
Armour
 m - a +2 pair of boots (worn)
 v - a +1 pair of gloves (worn)
 z - a +0 buckler (worn)
 E - a +1 hat (worn)
 O - a +1 cloak (worn)
Magical Staves
 w - a staff of cold
Jewellery
 b - a +6 ring of intelligence (left hand)
 j - a +6 ring of strength
 r - an amulet of magic regeneration (around neck)
 A - the ring of the Mage (right hand) {Wiz Archmagi}
   (You acquired it on level 2 of the Lair of Beasts)

   [ring of wizardry]

   It improves your spell success rate.
   Archmagi:  It increases the power of your magical spells.
 F - a ring of resist corrosion
 G - a ring of see invisible
 L - a +4 ring of protection
 R - a ring of protection from fire
 S - an amulet of faith
 U - a ring of protection from cold
Wands
 c - a wand of mindburst (6)
 k - a wand of acid (13)
 n - a wand of polymorph (17)
 q - a wand of flame (57)
 t - a wand of digging (14)
 C - a wand of iceblast (12)
Scrolls
 f - 2 scrolls of fear
 h - a scroll of blinking
 l - 7 scrolls of teleportation
 o - 3 scrolls of fog
 s - 5 scrolls of amnesia
 H - 3 scrolls of magic mapping
 K - a scroll of enchant armour
 M - 7 scrolls of identify
 Y - a scroll of holy word {unknown}
Potions
 a - 4 potions of resistance
 d - 6 potions of curing
 e - 2 potions of haste
 g - 4 potions of magic
 p - 3 potions of brilliance
 u - 3 potions of cancellation
 x - 2 potions of invisibility
 B - 3 potions of might
 D - 4 potions of heal wounds
 J - 3 potions of mutation
 N - a potion of ambrosia
 T - 3 potions of berserk rage
 V - 2 potions of flight
Miscellaneous
 I - a lightning rod (4/4)
 P - a tin of tremorstones (2/2)
 W - a phantom mirror


   Skills:
 - Level 3.3 Fighting
 - Level 3.0 Axes
 - Level 3.2 Staves
 - Level 1.7 Dodging
 - Level 1.7 Stealth
 - Level 8.0 Shields
 + Level 16.5 Spellcasting
 - Level 16.0 Conjurations
 - Level 7.8 Fire Magic
 - Level 6.0 Ice Magic
 * Level 14.1 Earth Magic
 - Level 0.1 Invocations
 - Level 3.0 Evocations


You had 3 spell levels left.
You knew the following spells:

 Your Spells              Type           Power      Damage    Failure   Level
a - Magic Dart            Conj           100%       1d8       0%          1
b - Searing Ray           Conj           100%       2d8       0%          2
c - Fireball              Conj/Fire      54%        3d21      1%          5
d - Iskenderun's Battles  Conj           100%       2d15      1%          5
e - Orb of Destruction    Conj           61%        9d15      1%          7
f - Lee's Rapid Deconstr  Erth           58%        3d28*     1%          5
g - Shatter               Erth           58%        3d43*     36%         9
h - Irradiate             Conj/Tmut      47%        3d29      1%          5
i - Iron Shot             Conj/Erth      59%        9d11      1%          6

Your spell library contained the following spells:

 Spells                   Type           Power      Damage    Failure   Level
 Starburst                Conj/Fire      54%        6d15      1%          6
 Foxfire                  Conj/Fire      100%       2x1d9     0%          1
 Sandblast                Erth           100%       2d20      0%          1
 Stone Arrow              Conj/Erth      100%       3d13      0%          3
 Animate Skeleton         Necr           92%        N/A       1%          1
 Apportation              Tloc           92%        N/A       1%          1
 Beastly Appendage        Tmut           92%        N/A       1%          1
 Shock                    Conj/Air       100%       1d9       1%          1
 Slow                     Hex            100%       N/A       1%          1
 Sting                    Tmut/Pois      100%       1d8       1%          1
 Summon Small Mammal      Summ           100%       N/A       1%          1
 Blink                    Tloc           92%        N/A       1%          2
 Corpse Rot               Necr/Air       92%        N/A       1%          2
 Ensorcelled Hibernation  Hex/Ice        100%       N/A       1%          2
 Passwall                 Tmut/Erth      75%        N/A       1%          2
 Poisonous Vapours        Pois/Air       92%        N/A       1%          2
 Sublimation of Blood     Necr           46%        N/A       1%          2
 Wereblood                Tmut           46%        N/A       1%          2
 Confusing Touch          Hex            46%        N/A       1%          3
 Conjure Flame            Conj/Fire      100%       6-21      1%          3
 Dazzling Flash           Conj/Hex       100%       N/A       1%          3
 Gell's Gravitas          Tloc           46%        N/A       1%          3
 Inner Flame              Hex/Fire       74%        N/A       1%          3
 Spider Form              Tmut/Pois      46%        N/A       1%          3
 Swiftness                Air            46%        N/A       1%          3
 Teleport Other           Tloc           46%        N/A       1%          3
 Vampiric Draining        Necr           46%        2d9       1%          3
 Airstrike                Air            23%        N/A       1%          4
 Flame Wave               Conj/Fire      100%       2d17      1%          4
 Fulminant Prism          Conj/Hex       47%        3d21      1%          4
 Iskenderun's Mystic Bla  Conj/Tloc      94%        2d18      1%          4
 Olgreb's Toxic Radiance  Pois           46%        N/A       1%          4
 Petrify                  Tmut/Erth      90%        N/A       1%          4
 Conjure Ball Lightning   Conj/Air       47%        3x3d16    1%          6
 Lehudib's Crystal Spear  Conj/Erth      59%        10d14     2%          8
 Metabolic Englaciation   Hex/Ice        34%        N/A       4%          5
 Statue Form              Tmut/Erth      60%        N/A       4%          6
 Passage of Golubria      Tloc           46%        N/A       5%          4
 Agony                    Necr           46%        N/A       16%         5
 Blade Hands              Tmut           23%        N/A       16%         5
 Silence                  Hex/Air        23%        N/A       16%         5
 Dispersal                Tloc           23%        N/A       58%         6
 Summon Hydra             Summ           23%        N/A       98%         7
 Discord                  Hex            23%        N/A       100%        8
 Disjunction              Tloc           23%        N/A       100%        8
 Animate Armour           Summ/Erth      Unusable   N/A       N/A         4

Dungeon Overview and Level Annotations

Branches:
Dungeon (15/15)            Temple (1/1) D:7            Lair (6/6) D:9
  Swamp (4/4) Lair:3        Snake (0/4) Lair:2        Slime (0/5) Lair:6
    Orc (2/2) D:12            Elf (0/3) Orc:2        Vaults (0/5) D:14
 Depths (0/4) D:15          IceCv (visited)

Altars:
Dithmenos
Okawaru
Qazlal
Vehumet
Yredelemnul
Zin
Beogh

Shops:
D:7 :   D:8 (   D:13 *   D:15 =   Orc:1 :   Orc:2 !:*[(

Annotations:
D:7 2 transporters, Modestlyawesome's ghost, novice DsGl
Swamp:1 2 transporters


Innate Abilities, Weirdness & Mutations

You can breathe waves of freezing cold which knock back foes.
Your icy white scales are hard. (AC +9)
You cannot fit into any form of body armour.
Your flesh is cold resistant. (rC+)
You are cold-blooded and may be slowed by cold attacks.
You tend to lose your temper in combat.


Message History

The blast of poison engulfs you!
You are more poisoned.
You are engulfed in poison gas.
You are more poisoned.
You feel extremely sick.
You feel very sick.
Aiming: Fireball (safe; 1% risk of failure)
Press: ? - help, Q - select action, (/) - cycle Shift-Dir - straight line You feel a surge of power!
The fireball explodes!
The fireball engulfs the green death!
The green death is moderately wounded.
You feel very sick.
You hear a shout!
The green death gestures at you. The blast of poison engulfs you!
You are more poisoned.
There are no items here.
Aiming: Fireball (safe; 1% risk of failure)
Press: ? - help, Q - select action, (/) - cycle Shift-Dir - straight line You feel a surge of power!
The fireball explodes!
The fireball engulfs the green death!!
The green death is severely wounded.
You are engulfed in poison gas.
You are lethally poisoned!
You feel extremely sick.
The green death is engulfed in a cloud of scalding steam.
The green death gestures at you. The poison arrow hits you!!
You are more poisoned.
* * * LOW HITPOINT WARNING * * *
You feel better.
You are engulfed in poison gas.
You are poisoned.
* * * LOW HITPOINT WARNING * * *
x2 You feel very sick.
The fenstrider witch hits you!
* * * LOW HITPOINT WARNING * * *
The fenstrider witch completely misses you.
The green death gestures at you. The bolt of poison hits you!!
You are more poisoned.
You die...

♣≈..[.≈.≈.....≈≈≈.≈..##
♣..≈.....≈.≈.≈≈....≈##≈
♣)...≈.[...≈≈.≈≈.≈..#♣≈
♣♣.≈.≈≈≈......≈.≈.≈##≈≈
♣♣≈...≈...≈..≈≈..≈§#♣≈.
♣.≈≈≈≈≈.......≈...÷#≈.≈
♣.).○≈≈..≈≈.≈...≈.#≈.≈§
♣♣)≈°○☼°......≈..≈#.≈≈.
♣♣..[○@..$≈.......#.≈≈≈
♣..).○H..○°≈.....≈#.≈≈≈
♣...≈..≈≈°°.≈....≈#.≈♣#
♣≈≈.....§..2≈≈.≈.≈#♣♣##
♣≈...≈≈≈...§...≈.≈# ###
♣...§..≈...≈≈.≈§. ♣..
♣...≈..≈..≈..≈.≈. ♣≈≈
♣§§.≈..≈≈....≈.. #♣≈
♣♣≈≈≈°≈§.§..≈. ♣.


You could see a green death and a fenstrider witch.

Vanquished Creatures
  Frances (Swamp:2)
  4 thorn hunters
  Kirke (D:12)
  2 fenstrider witches (Swamp:4)
  An orc warlord (Orc:2)
  Louise (Swamp:3)
  2 ghouls (Swamp:4)
  2 reapers
  Nessos (Orc:2)
  5 eleionomae
  8 bunyips
  Josephine (D:10)
  Harold (D:9)
  2 boulder beetles
  Fannar (Orc:1)
  9 hydras
  3 ghost crabs
  4 ogre magi
  3 centaur warriors
  5 catoblepae
  12 alligators
  Erica (Orc:1)
  7 two-headed ogres
  2 tengu warriors (D:15)
  6 death yaks (Lair:6)
  4 orc high priests (Orc:2)
  Urug (Orc:2)
  2 soul eaters (Swamp:4)
  2 swamp dragons (Swamp:2)
  3 bog bodies
  A death drake (Swamp:4)
  4 spriggan druids
  4 orc knights
  A necromancer (D:15)
  A lindwurm (Lair:5)
  5 wizards
  2 deep elf pyromancers
  3 oklob plants (Lair:6)
  7 orc sorcerers
  A salamander (shapeshifter) (D:14)
  5 manticores
  5 will-o-the-wisps
  3 cyclopes
  16 elephants
  Maurice (D:11)
  4 black mambas
  A gargoyle (D:12)
  3 ice statues
  14 cane toads
  Maggie (D:9)
  Psyche (D:10)
  7 komodo dragons
  A freezing wraith (D:14)
  4 rime drakes
  An entropy weaver simulacrum (IceCv)
  2 unseen horrors
  A yaktaur (D:11)
  7 ice devils
  An efreet (D:15)
  2 anaconda simulacra (IceCv)
  3 tengu conjurers
  8 trolls
  2 bloated husks
  A hellwing (Swamp:4)
  3 meliai (D:13)
  5 hornets
  3 polar bears (Lair:6)
  14 blink frogs
  9 tyrant leeches
  5 spriggans
  A centaur simulacrum (D:15)
  Sigmund (D:3)
  A vampire (D:14)
  4 wraiths (D:10)
  2 shadows
  56 yaks
  2 dire elephant simulacra (IceCv)
  4 basilisks
  A human (shapeshifter) (D:15)
  4 wyverns
  3 hogs (D:12)
  3 chaos spawn (Swamp:4)
  2 steam dragons
  A neqoxec (Swamp:4)
  Menkaure (D:4)
  6 vampire mosquitoes
  5 wargs
  7 nagas (Lair:2)
  12 swamp worms
  2 acid dragons
  17 water moccasins
  6 ice beasts (Lair:4)
  A sky beast (D:6)
  29 orc warriors
  3 black bears
  A swamp drake (Swamp:2)
  12 wolves
  8 ogres
  9 centaurs
  3 kobold brigands
  A phantom (D:5)
  16 bullfrogs
  A wyvern zombie (D:6)
  A cane toad simulacrum (IceCv)
  5 scorpions
  A gnoll sergeant (D:6)
  3 two-headed ogre simulacra (IceCv)
  An elephant simulacrum (IceCv)
  5 killer bees (D:9)
  5 wights (D:7)
  4 electric eels
  7 centaur zombies
  5 howler monkeys
  5 jellies
  16 orc priests
  3 centaur skeletons
  3 iguanas
  Natasha (thrice) (D:2)
  24 orc wizards
  A polar bear simulacrum (IceCv)
  3 spriggan simulacra (IceCv)
  2 troll simulacra (IceCv)
  A wolf simulacrum (IceCv)
  A killer bee zombie (D:6)
  A hound skeleton (D:4)
  A howler monkey zombie (D:10)
  9 adders
  6 gnolls
  A naga simulacrum (IceCv)
  8 white imps
  An ufetubus (IceCv)
  An adder zombie (D:5)
  2 adder skeletons (D:4)
  2 worms
  5 dart slugs
  66 orcs
  5 ball pythons
  2 bats
  2 endoplasms
  A giant cockroach (D:1)
  A goblin (D:2)
  5 hobgoblins
  5 jackals
  4 quokkas
  4 frilled lizards
  11 kobolds
  2 rats
728 creatures vanquished.

Vanquished Creatures (others)
  Donald (Swamp:2)
  A bloated husk (Swamp:2)
  A white imp (IceCv)
  8 foxfires
  50 fungi
  97 plants
158 creatures vanquished.

Grand Total: 886 creatures vanquished

Notes
Turn   | Place    | Note
-------+----------+-------------------------------------------
     0 | D:1      | nickcage the Draconian Conjurer began the quest for the
                  | Orb.
     0 | D:1      | Reached XP level 1. HP: 14/14 MP: 3/3
   715 | D:1      | Reached XP level 2. HP: 20/20 MP: 3/5
   718 | D:1      | Learned a level 2 spell: Searing Ray
  1499 | D:2      | Reached XP level 3. HP: 26/26 MP: 3/6
  1597 | D:2      | Reached skill level 5 in Conjurations
  1930 | D:2      | Reached XP level 4. HP: 30/33 MP: 0/8
  2092 | D:2      | Noticed Natasha
  2097 | D:2      | Killed Natasha
  2128 | D:2      | Noticed Natasha
  2133 | D:2      | Killed Natasha
  2217 | D:2      | Reached XP level 5. HP: 38/38 MP: 3/10
  2420 | D:2      | Noticed Natasha
  2424 | D:2      | Killed Natasha
  2519 | D:3      | Found a faded altar of an unknown god.
  2788 | D:3      | Noticed Sigmund
  2887 | D:3      | Noticed a steam dragon
  2894 | D:3      | Killed a steam dragon
  2895 | D:3      | Reached XP level 6. HP: 7/45 MP: 2/12
  3444 | D:3      | Killed Sigmund
  3445 | D:3      | Reached skill level 5 in Spellcasting
  3776 | D:4      | Your scales start taking on an icy white colour.
  3776 | D:4      | Reached XP level 7. HP: 50/50 MP: 10/14
  3776 | D:4      | Gained mutation: Your flesh is cold resistant. (rC+) [White
                  | Draconian growth]
  4257 | D:4      | Noticed Menkaure
  4264 | D:4      | Killed Menkaure
  5006 | D:5      | Entered Level 5 of the Dungeon
  5022 | D:5      | Learned a level 5 spell: Fireball
  5547 | D:5      | Reached skill level 1 in Fire Magic
  5547 | D:5      | Reached XP level 8. HP: 57/57 MP: 8/17
  7351 | D:6      | Reached XP level 9. HP: 62/62 MP: 14/18
  7696 | D:7      | Reached skill level 10 in Conjurations
  7747 | D:7      | Noticed a queen bee
  7762 | D:7      | Found a staircase to the Ecumenical Temple.
  7771 | Temple   | Entered the Ecumenical Temple
  7805 | Temple   | Became a worshipper of Vehumet
  8015 | D:7      | Found Jurgh's Book Boutique.
  8105 | D:7      | Noticed Modestlyawesome's ghost (novice DsGl)
  8125 | D:7      | Found a transporter.
  8130 | D:7      | Found a transporter.
  8235 | D:7      | Found an iron altar of Okawaru.
  8650 | D:7      | Learned a level 5 spell: Iskenderun's Battlesphere
  8663 | D:8      | Noticed a deep elf pyromancer
  8676 | D:8      | Killed a deep elf pyromancer
  9132 | D:8      | Noticed a two-headed ogre
  9171 | D:8      | Got Jafem's Grimoire of the Immovable Lovers
  9181 | D:8      | Killed a two-headed ogre
  9182 | D:8      | Reached XP level 10. HP: 69/69 MP: 5/20
  9231 | D:8      | Found Atotes's Weapon Shoppe.
  9965 | D:9      | Reached * piety under Vehumet
  9965 | D:9      | Offered knowledge of Shock by Vehumet.
 10001 | D:9      | Noticed Maggie
 10002 | D:9      | Noticed a two-headed ogre
 10008 | D:9      | Killed a two-headed ogre
 10008 | D:9      | Killed Maggie
 10289 | D:9      | Found a staircase to the Lair.
 10654 | D:9      | Noticed Harold
 10659 | D:9      | Killed Harold
 11142 | D:10     | Entered Level 10 of the Dungeon
 11170 | D:10     | Noticed Josephine
 11498 | Lair:1   | Entered Level 1 of the Lair of Beasts
 11519 | Lair:1   | Noticed a cane toad
 11522 | Lair:1   | Killed a cane toad
 11530 | Lair:1   | Reached skill level 1 in Fighting
 11530 | Lair:1   | Reached skill level 1 in Ice Magic
 11570 | Lair:1   | Reached skill level 1 in Shields
 11570 | Lair:1   | Reached skill level 1 in Evocations
 11570 | Lair:1   | Reached XP level 11. HP: 76/78 MP: 8/23
 11918 | Lair:1   | Noticed a six-headed hydra
 11921 | Lair:1   | Killed a six-headed hydra
 12087 | Lair:1   | Reached skill level 1 in Staves
 12330 | Lair:1   | Learned a level 7 spell: Orb of Destruction
 12830 | Lair:2   | Identified a scroll of acquirement
 12830 | Lair:2   | Acquired the ring of the Mage {Wiz Archmagi}
 12830 | Lair:2   | Found the ring of the Mage {Wiz Archmagi}
 12843 | Lair:2   | Noticed a six-headed hydra
 12847 | Lair:2   | Killed a six-headed hydra
 13001 | Lair:2   | Found a gate leading to a gauntlet.
 13021 | Lair:2   | Reached skill level 5 in Ice Magic
 13131 | Lair:2   | Reached ** piety under Vehumet
 13199 | Lair:2   | Offered knowledge of Scorch by Vehumet.
 13708 | Lair:2   | Found a staircase to the Snake Pit.
 13778 | Lair:2   | Reached skill level 5 in Shields
 14193 | Lair:3   | Reached XP level 12. HP: 89/89 MP: 15/25
 14201 | Lair:3   | Noticed a seven-headed hydra
 14210 | Lair:2   | Killed a seven-headed hydra
 14527 | Lair:3   | Noticed a catoblepas
 14536 | Lair:3   | Killed a catoblepas
 14570 | Lair:3   | Noticed a seven-headed hydra
 14573 | Lair:3   | Killed a seven-headed hydra
 14573 | Lair:3   | Offered knowledge of Conjure Flame by Vehumet.
 14783 | Lair:3   | Reached skill level 5 in Fire Magic
 14900 | Lair:3   | Found a staircase to the Swamp.
 15063 | Lair:3   | Reached skill level 10 in Spellcasting
 15589 | Lair:3   | Reached *** piety under Vehumet
 16132 | Lair:4   | Offered knowledge of Stone Arrow by Vehumet.
 16733 | Lair:4   | Noticed a six-headed hydra
 16738 | Lair:4   | Killed a six-headed hydra
 16894 | Lair:5   | Reached XP level 13. HP: 94/94 MP: 18/27
 16971 | Lair:5   | Reached **** piety under Vehumet
 17025 | Lair:5   | Offered knowledge of Hailstorm by Vehumet.
 17438 | Lair:5   | Identified the +3 hand axe "Hacsun" {speed, rF- Int+5}
 18182 | Lair:6   | Entered Level 6 of the Lair of Beasts
 18312 | Lair:6   | Reached skill level 1 in Axes
 18312 | Lair:6   | Reached skill level 15 in Conjurations
 18455 | Lair:6   | Found a frozen archway.
 18464 | IceCv    | Entered an ice cave
 18950 | IceCv    | Noticed a reaper
 18952 | IceCv    | Killed a reaper
 19240 | Lair:6   | Reached ***** piety under Vehumet
 19307 | Lair:6   | Offered knowledge of Lee's Rapid Deconstruction by Vehumet.
 19314 | Lair:6   | Learned a level 5 spell: Lee's Rapid Deconstruction
 19324 | Lair:6   | Learned a level 9 spell: Shatter
 19324 | Lair:6   | Found a staircase to the Slime Pits.
 19768 | Lair:6   | Reached skill level 1 in Earth Magic
 19768 | Lair:6   | Reached XP level 14. HP: 102/102 MP: 15/29
 20354 | Lair:6   | Found the +4 robe of Folly {Brilliance Will-∞ Int+8}
 20368 | Lair:6   | Identified the +7 scimitar of Risk Management {elec, *Noise
                  | rN+ Will+ Stlth+}
 20957 | D:10     | Found a stormy altar of Qazlal.
 21078 | D:10     | Noticed Psyche
 21080 | D:10     | Killed Psyche
 21349 | D:10     | Killed Josephine
 22238 | D:11     | Noticed Maurice
 22240 | D:11     | Killed Maurice
 22302 | D:11     | You fall into a shaft and drop 1 floor!
 22577 | D:11     | Found a glowing silver altar of Zin.
 22577 | D:11     | Noticed an angel
 22856 | D:11     | Reached skill level 5 in Earth Magic
 23256 | D:12     | Found a staircase to the Orcish Mines.
 23276 | D:12     | Offered knowledge of Irradiate by Vehumet.
 23307 | D:12     | Noticed Kirke
 23374 | D:12     | Killed Kirke
 24510 | D:13     | Found Ostuyl's CLEARANCE SALE!.
 24518 | D:13     | Bought a potion of heal wounds for 20 gold pieces
 24736 | D:7      | Bought the Volume of the Traveller for 360 gold pieces
 24736 | D:7      | Bought a book of Iron for 540 gold pieces
 24736 | D:7      | Bought a book of Air for 330 gold pieces
 24742 | D:7      | Learned a level 5 spell: Irradiate
 24900 | Orc:1    | Entered Level 1 of the Orcish Mines
 24900 | Orc:1    | Noticed Erica
 24902 | Orc:1    | Killed Erica
 24971 | Orc:1    | Noticed Fannar
 24975 | Orc:1    | Killed Fannar
 25277 | Orc:1    | Found Geitappa's Self-Improvement Boutique.
 25503 | Orc:2    | Entered Level 2 of the Orcish Mines
 25503 | Orc:2    | Found Acweamack's Distillery.
 25533 | Orc:2    | Bought a potion of brilliance for 44 gold pieces
 25538 | Orc:2    | Found a staircase to the Elven Halls.
 25596 | Orc:2    | Noticed Urug
 25598 | Orc:2    | Killed Urug
 25806 | Orc:2    | Reached XP level 15. HP: 107/107 MP: 12/32
 26072 | Orc:2    | Offered knowledge of Freezing Cloud by Vehumet.
 26133 | Orc:2    | Noticed an orc warlord
 26139 | Orc:2    | Killed an orc warlord
 26417 | Orc:2    | Reached skill level 10 in Earth Magic
 26787 | Orc:2    | Found Beupt's General Store.
 26788 | Orc:2    | Found Koubrin's Book Boutique.
 26790 | Orc:2    | Found Tucam's Antique Armour Shop.
 26790 | Orc:2    | Found Itulogu's Antique Weapon Shop.
 26807 | Orc:2    | Bought a book of Sloth for 432 gold pieces
 26884 | Orc:2    | Noticed Nessos
 26886 | Orc:2    | Killed Nessos
 27794 | D:14     | Found a gate to the Vaults.
 28159 | D:14     | Found a shadowy altar of Dithmenos.
 28243 | D:15     | Entered Level 15 of the Dungeon
 28617 | D:15     | Found Zooxzat's Jewellery Shop.
 28627 | D:15     | Bought a ring of see invisible for 285 gold pieces
 29039 | D:15     | Offered knowledge of Ozocubu's Refrigeration by Vehumet.
 29091 | D:15     | Found a staircase to the Depths.
 29331 | Swamp:1  | Entered Level 1 of the Swamp
 29695 | Swamp:1  | Found a transporter.
 29878 | Swamp:1  | Found a transporter.
 29889 | Swamp:1  | Noticed a thorn hunter
 29891 | Swamp:1  | Killed a thorn hunter
 30267 | Swamp:2  | Noticed Donald
 30271 | Swamp:1  | HP: 4/107 [poisoned by a swamp dragon (poison gas)]
 30942 | Swamp:2  | Killed Donald
 31612 | Swamp:2  | Noticed Frances
 31704 | Swamp:2  | Found a basalt altar of Yredelemnul.
 31778 | Swamp:2  | Reached XP level 16. HP: 114/114 MP: 23/34
 32196 | Swamp:2  | Killed Frances
 32394 | Swamp:2  | Upgraded the game from 0.28.0-49-g6dfe1f597d to
                  | 0.28.0-53-g5a82cb258f
 32634 | Swamp:3  | Noticed Louise
 32643 | Swamp:3  | Killed Louise
 32644 | Swamp:3  | Reached skill level 15 in Spellcasting
 32747 | Swamp:3  | Learned a level 6 spell: Iron Shot
 33106 | Swamp:4  | Entered Level 4 of the Swamp
 33440 | Swamp:4  | Noticed a thorn hunter
 33443 | Swamp:4  | Killed a thorn hunter
 33449 | Swamp:4  | Noticed a thorn hunter
 33465 | Swamp:4  | Killed a thorn hunter
 33629 | Swamp:4  | Gained mutation: You tend to lose your temper in combat. [a
                  | neqoxec]
 33797 | Swamp:4  | Offered knowledge of Starburst by Vehumet.
 34168 | Swamp:4  | Paralysed by a fenstrider witch for 7 turns
 34399 | Swamp:4  | Noticed a thorn hunter
 34401 | Swamp:4  | Killed a thorn hunter
 34672 | Swamp:4  | Got a decaying rune of Zot
 34789 | Swamp:4  | HP: 4/114 [fenstrider witch (7)]
 34789 | Swamp:4  | Killed from afar by a green death

Illustrated notes

Levels and vault maps discovered:
D:1:      dpeg_arrival_orchard, layout_basic, serial_forest,
          infiniplex_forest_clump_tiny, infiniplex_forest_straight_1,
          infiniplex_forest_end_1, infiniplex_forest_split,
          infiniplex_forest_corner_2, infiniplex_forest_clump_medium,
          infiniplex_forest_clump_diagonal, corexii_item_surrounded_by_moat
D:2:      layout_rooms, uniq_natasha
D:3:      layout_loops_ring, dreamdust_ecumenical_altar_statues,
          kennysheep_nondescript, minmay_misc_feat_hallway,
          nicolae_figureground_pulse, uniq_sigmund
D:4:      layout_loops_corners, uniq_menkaure
D:5:      layout_gridville
D:6:      layout_basic
D:7:      layout_loops_corners, okawaru_gym_becter,
          minmay_temple_entry_water_ring, serial_shops, shop,
          gammafunk_ghost_hive, grunt_ministairs_10
D:8:      layout_basic, serial_shops, nicolae_shop_bloodbath_and_beyond,
          corexii_corridor_pit
D:9:      layout_grid_maze, david_lair_shrubbed, minmay_misc_feat_plants,
          uniq_maggie, uniq_harold
D:10:     layout_loops_corners, nicolae_qazlal_eye_of_the_storm,
          minmay_unpleasant_kobolds, uniq_psyche, uniq_josephine
D:11:     layout_basic, zin_angel, uniq_maurice
D:12:     layout_basic, minmay_orc_entry_guard_dogs, uniq_kirke
D:13:     layout_irregular_city, st_stairs_6, kennysheep_pointless_box,
          columned_hall_lemuel, nicolae_shop_clearance
D:14:     layout_basic, david_vaults_1, grunt_dithmenos_shadows, the_hattery
D:15:     grunt_enter_depths_magical_seal, layout_small_grid, serial_shops,
          shop, chequers_arboretum, minivault_12
Temple:   mainiacjoe_temple_big_plus
Lair:1:   layout_regular_city, fungi_pond_lemuel, serial_bayou_shore_b,
          grunt_megastairs_1
Lair:2:   layout_big_grid, minmay_snake_entry_guardpost_large,
          gauntlet_entry_generic, serial_bayou_lake_a, serial_bayou_shore_a
Lair:3:   layout_regular_city, minmay_swamp_entry_reptiles, serial_bayou_shore_b
Lair:4:   layout_misc_corridors, bh_autumn_forest_stairs, ice2_lemuel
Lair:5:   layout_regular_city, serial_bayou_pond_c
Lair:6:   evilmike_catoblepas_cave, layout_gridlike,
          minmay_slime_entry_oklob_enclosed, portal_ice_cave_entry_pillars_2
Swamp:1:  gammafunk_worm_tunnel, layout_basic_swamp, swamp_pool2
Swamp:2:  layout_falls_marsh, nicolae_swamp_fairy_circle, swamp_pool2,
          lemuel_altar_in_water, nicolae_swamp_round_clearing, uniq_frances,
          uniq_donald
Swamp:3:  layout_falls_marsh, evilmike_swamp_ruin_rubble_1, uniq_louise
Swamp:4:  nzn_swamp_witches_coven, layout_basic_swamp
Orc:1:    layout_caves, nicolae_shop_self_help, uniq_fannar, uniq_erica
Orc:2:    st_orc_congregation, layout_diamond_mine, serial_shops, shop,
          basic_altar, uniq_urug, uniq_nessos

Skill      XL: |  1  2  3  4  5  6  7  8  9 10 11 12 13 14 15 16 |
---------------+-------------------------------------------------+-----
Conjurations   | 5 6 7 9 12 13 14 15 16 | 16.0
Spellcasting   | 3 4 5 6 7 8 9 10 11 13 14 16 | 16.5
Fire Magic     | 1 3 4 7 |  7.8
Fighting       | 1 3 |  3.3
Ice Magic      | 1 6 |  6.0
Shields        | 1 5 6 8 |  8.0
Evocations     | 1 3 |  3.0
Staves         | 3 |  3.2
Axes           | 3 |  3.0
Earth Magic    | 1 9 13 14 | 14.1
Dodging        | |  1.7
Stealth        | |  1.7
Invocations    | |  0.1

Action                   |  1- 3 |  4- 6 |  7- 9 | 10-12 | 13-15 | 16-18 || total
-------------------------+-------+-------+-------+-------+-------+-------++-------
Melee: Unarmed           |    21 |       |       |       |       |       ||    21
       Tailslap          |     1 |       |       |       |     6 |       ||     7
       Scythe            |       |       |     1 |     1 |       |       ||     2
       Hand axe          |       |       |       |       |    13 |       ||    13
 Cast: Magic Dart        |    60 |    20 |    72 |     8 |       |       ||   160
       Searing Ray       |     1 |    12 |    54 |    18 |    13 |       ||    98
       Fireball          |       |       |     6 |   207 |   519 |   142 ||   874
       Iskenderun's Batt |       |       |       |     4 |     2 |       ||     6
       Orb of Destructio |       |       |       |     3 |    30 |       ||    33
       Lee's Rapid Decon |       |       |       |       |     4 |       ||     4
       Irradiate         |       |       |       |       |     4 |       ||     4
       Iron Shot         |       |       |       |       |       |    17 ||    17
 Abil: Breathe Frost     |       |       |       |       |     5 |       ||     5
Evoke: Wand              |       |       |     1 |       |     1 |       ||     2
  Use: Scroll            |       |       |    10 |    11 |     7 |     4 ||    32
       Potion            |       |       |     1 |     1 |     3 |     4 ||     9
Armor: Skin              |    14 |     2 |    12 |    35 |    64 |    17 ||   144
Dodge: Dodged            |    31 |     4 |    27 |    49 |    64 |    14 ||   189
Block: Buckler           |       |       |       |       |    19 |     3 ||    22
